 Dungeon Crawl Stone Soup version 0.30.1-11-g7821555f0a (webtiles) character file.

Game seed: 12454715080225179597

34 ChrisAssaf the Grasshopper (level 3, 0/27 HPs)
             Began as a Human Warper on Jan 12, 2024.
             Slain by an adder (1 damage)
             ... on level 2 of the Dungeon.
             The game lasted 00:03:54 (862 turns).

ChrisAssaf the Grasshopper (Human Warper)            Turns: 862, Time: 00:03:55

Health: 0/27       AC:  3    Str: 11    XL:     3   Next: 50%
Magic:  6/6        EV: 11    Int: 15    God:
Gold:   13         SH:  0    Dex: 12    Spells: 1/6 levels left

rFire   . . .        a - +0 falchion
rCold   . . .        (no shield)
rNeg    . . .        b - +0 leather armour
rPois   .            (no helmet)
rElec   .            (no cloak)
rCorr   .            (no gloves)
SInv    .            (no boots)
Will    .....        (no amulet)
Stlth   +            (no ring)
HPRegen 0.24/turn    (no ring)
MPRegen 0.10/turn

%: no passive effects
@: lethally poisoned (0 -> -4)
A: no striking features
a: no special abilities


You were on level 2 of the Dungeon.
You visited 1 branch of the dungeon, and saw 3 of its levels.

You collected 13 gold pieces.

Inventory:

Hand Weapons
 a - a +0 falchion (weapon)
Missiles
 d - a boomerang of dispersal (quivered)
Armour
 b - a +0 leather armour (worn)


   Skills:
 * Level 2.0 Fighting
 * Level 0.1(1.2) Short Blades
 * Level 2.1 Long Blades
 * Level 1.2 Throwing
 * Level 1.4 Armour
 * Level 2.1 Dodging
 * Level 0.6 Stealth
 * Level 2.1 Spellcasting
 * Level 3.4 Translocations


You had one spell level left.
You knew the following spells:

 Your Spells              Type           Power      Damage    Failure   Level
a - Blink                 Tloc           24%        N/A       11%         2
b - Vhi's Electric Charg  Tloc/Air       12%        N/A       38%         3

Your spell library contained the following spells:

 Spells                   Type           Power      Damage    Failure   Level
 Lesser Beckoning         Tloc           24%        N/A       11%         2
 Teleport Other           Tloc           12%        N/A       21%         3
 Manifold Assault         Tloc           12%        N/A       56%         4


Dungeon Overview and Level Annotations

Branches:
Dungeon (3/15)

Altars:
Elyvilon


Message History

There is an open door here.
An adder comes into view.
There is an open door here.
The adder bites you but does no damage.
You barely miss the adder. The adder closely misses you.
You hit the adder.
The adder is lightly wounded.
The adder misses you. The adder bites you.
You are poisoned.
The adder poisons you!
You feel sick. The adder closely misses you.
The adder attacks as you move away! The adder bites you.
You are more poisoned.
The adder poisons you!
You feel sick. The adder barely misses you.
The adder bites you but does no damage. The adder bites you.
The adder attacks as you move away! The adder bites you.
You are more poisoned.
The adder poisons you!
You feel very sick. The adder attacks as you move away!
The adder bites you but does no damage. The adder attacks as you move away!
The adder bites you.
You feel sick.
You feel sick. The adder closely misses you.
You feel sick.
You closely miss the adder.
You feel sick. The adder misses you.
You hit the adder but do no damage.
You feel sick.
The adder bites you but does no damage. x2; The adder barely misses you.
As you read the scroll labelled OCU COCEOS, it crumbles to dust.
You feel aware of your surroundings.
It was a scroll of magic mapping.
You feel sick. The adder barely misses you. The adder closely misses you.
Unknown command.
You aren't carrying any potions.
Unknown command.
You miss the adder.
You feel sick. The adder barely misses you. The adder bites you.
* * * LOW HITPOINT WARNING * * *
You are more poisoned.
The adder poisons you! The adder bites you.
* * * LOW HITPOINT WARNING * * *
The adder bites you.
You die...

** *, **********,
**,,,,,,,,,,
*,,********,
#######*###,** *,
#...S@#*..,,* *,
#..##S#*.#*** *,
######..##.##.# *,
*##.............# *,
*........###...## **
*........'......######
*.[......##..........#
*****
*........##.#...####.#
*,,,*
*........##...#.รท#
*.# *,,,*


You could see 2 adders.

Vanquished Creatures
  An adder (D:2)
  An orc (D:2)
  2 bats (D:1)
  A goblin (D:2)
  3 hobgoblins
  2 jackals (D:1)
  3 quokkas (D:1)
  5 ball pythons
  2 frilled lizards
  A kobold (D:1)
  A rat (D:2)
22 creatures vanquished.

Notes
Turn   | Place    | Note
-------+----------+-------------------------------------------
     0 | D:1      | ChrisAssaf the Human Warper began the quest for the Orb.
     0 | D:1      | Reached XP level 1. HP: 16/16 MP: 3/3
   120 | D:1      | Reached XP level 2. HP: 22/22 MP: 5/5
   123 | D:1      | Learned a level 2 spell: Blink
   514 | D:2      | Reached XP level 3. HP: 3/27 MP: 6/6
   603 | D:2      | Learned a level 3 spell: Vhi's Electric Charge
   804 | D:3      | Found a white marble altar of Elyvilon.
   862 | D:2      | HP: 1/27 [adder (4)]
   862 | D:2      | Slain by an adder

Illustrated notes

Levels and vault maps discovered:
D:1:      dpeg_arrival_more_subterranean_lakeside_camping, layout_rooms,
          st_stairs_4, minmay_tromino_i4
D:2:      layout_basic
D:3:      layout_rooms, elyvilon_altar_4, mainiacjoe_overflow_small_starburst,
          uniq_grinder

Action                     || total
---------------------------++-------
  Melee: Falchion          ||   109
  Throw: Boomerang         ||     6
   Cast: Blink             ||     2
         Vhi's Electric Ch ||     1
    Use: Scroll            ||     4
         Potion            ||     2
 Armour: Leather armour    ||    58
  Dodge: Dodged            ||   128
